 Dungeon Crawl Stone Soup version 0.29.1-13-g9f3cf754e1 (webtiles) character file.

Game seed: 8428402776212455741

46 wolfrpgdude the Covered (level 3, -2/33 HPs)
             Began as a Minotaur Fighter on Feb 4, 2023.
             Killed by divine providence
             ... invoked by an orc priest
              (12 damage)
             ... on level 2 of the Dungeon.
             The game lasted 00:06:16 (1086 turns).

wolfrpgdude the Covered (Minotaur Fighter)          Turns: 1086, Time: 00:06:16

Health: -2/33      AC:  9    Str: 20    XL:     3   Next: 46%
Magic:  2/2        EV:  7    Int:  5    God:
Gold:   53         SH:  4    Dex: 11    Spells: 2/2 levels left

rFire   . . .      SeeInvis .   a - +0 long sword
rCold   . . .      Faith    .   c - +0 buckler
rNeg    . . .      Spirit   .   f - +0 chain mail
rPois   .          Reflect  .   (helmet restricted)
rElec   .          Harm     .   (no cloak)
rCorr   .          Rampage  .   (no gloves)
Will    .....                   (no boots)
Stlth   ..........              (no amulet)
HPRegen 0.11/turn               (no ring)
MPRegen 0.08/turn               (no ring)

@: no status effects
A: horns 2, retaliatory headbutt
a: no special abilities


You were on level 2 of the Dungeon.
You visited 1 branch of the dungeon, and saw 2 of its levels.

You collected 53 gold pieces.

Inventory:

Hand Weapons
 a - a +0 long sword (weapon)
Armour
 b - a +0 scale mail
 c - a +0 buckler (worn)
 f - a +0 chain mail (worn)
Jewellery
 e - a +4 ring of protection
Scrolls
 g - a scroll of vulnerability {unknown}
 j - a scroll of amnesia
 l - a scroll of magic mapping {unknown}
 m - a scroll of summoning {unknown}
 n - a scroll of brand weapon {unknown}
Potions
 d - a potion of might
 h - a potion of heal wounds {unknown}
 i - a potion of flight {unknown}
 k - 2 potions of degeneration {unknown}


   Skills:
 + Level 4.1 Fighting
 + Level 2.7 Long Blades
 + Level 4.6 Armour
 + Level 0.2 Dodging
 + Level 4.0 Shields


You had 2 spell levels left.
You didn't know any spells.
Your spell library contained the following spells:

 Spells                   Type           Power      Damage    Failure   Level
 Apportation              Tloc           0%         N/A       100%        1
 Alistair's Intoxication  Tmut/Pois      0%         N/A       100%        5


Dungeon Overview and Level Annotations

Branches:
Dungeon (2/15)

Altars:


Innate Abilities, Weirdness & Mutations

You have a pair of horns on your head.
You reflexively headbutt those who attack you in melee.


Message History

The orc shouts!
The orc wizard shouts!
The orc hits you but does no damage.
You barely miss the orc. Your headbutt misses the orc.
The orc barely misses you.
The orc priest invokes the aid of Beogh against you.
Beogh smites you!
Ouch! That really hurt!
You are too injured to fight recklessly!
You are too injured to fight recklessly!
You are too injured to fight recklessly!
You are too injured to fight recklessly!
You are too injured to fight recklessly!
You are too injured to fight recklessly!
You are too injured to fight recklessly!
You are too injured to fight recklessly!
You are too injured to fight recklessly!
You are too injured to fight recklessly!
You are too injured to fight recklessly!
You are too injured to fight recklessly!
You are too injured to fight recklessly!
You are too injured to fight recklessly!
You are too injured to fight recklessly!
You are too injured to fight recklessly!
You are too injured to fight recklessly!
You are too injured to fight recklessly!
You are too injured to fight recklessly!
You are too injured to fight recklessly!
You are too injured to fight recklessly!
You are too injured to fight recklessly!
You are too injured to fight recklessly!
You are too injured to fight recklessly!
You are too injured to fight recklessly!
You are too injured to fight recklessly!
The orc attacks as you move away! The orc hits you but does no damage.
The orc hits you with a +0 flail. The orc attacks as you move away!
The orc hits you with a +0 flail.
* * * LOW HITPOINT WARNING * * *
The orc priest invokes the aid of Beogh against you.
Beogh smites you!
You die...

### ..# #######.#
....o...# .~...~..####
#.# ....o..oo@.# ...
....o..oo#.# .##
.........#.#
.~...~..##.# .##
........##.#######
..#########.##.......#
##...... ..##.#####.#
.......#
#.#.###.#####.#
.#....#
#..........##.#


You could see an orc priest, an orc wizard and 5 orcs.

Vanquished Creatures
  2 adders (D:2)
  An endoplasm (D:1)
  5 giant cockroaches (D:1)
  3 hobgoblins
  4 ball pythons (D:1)
  3 bats (D:1)
  3 frilled lizards
  A goblin (D:1)
  4 kobolds
  3 rats (D:1)
29 creatures vanquished.

Notes
Turn   | Place    | Note
-------+----------+-------------------------------------------
     0 | D:1      | wolfrpgdude the Minotaur Fighter began the quest for the
                  | Orb.
     0 | D:1      | Reached XP level 1. HP: 19/19 MP: 0/0
   147 | D:1      | Found a faded altar of an unknown god.
   220 | D:1      | Reached XP level 2. HP: 26/27 MP: 1/1
   801 | D:2      | Reached XP level 3. HP: 25/33 MP: 2/2
  1086 | D:2      | Killed from afar by an orc priest

Illustrated notes

Levels and vault maps discovered:
D:1:      beargit_arrival_diablo_church, layout_basic,
          dreamdust_ecumenical_altar_statues, minmay_stone_trees_small
D:2:      cheibrodos_pilgrimage, layout_loops_cross

Skill      XL: |  1  2 |
---------------+-------+-----
Fighting       | 4 |  4.1
Armour         | 4 |  4.6
Shields        | 4 |  4.0
Long Blades    | |  2.7
Dodging        | |  0.2

Action                   || total
-------------------------++-------
Melee: Long sword        ||    65
       Headbutt          ||     7
  Use: Scroll            ||     2
Armor: Scale mail        ||    12
       Chain mail        ||    26
Dodge: Dodged            ||    41
Block: Buckler           ||    21
